Map: 뉴커크 재개발 지구 - 토너먼트 (공허의 유산)

Players

Dark

  • Race: Zerg Zerg
  • Spawn Location: 7:00

GuMiho - Winner!

  • Race: Terran Terran
  • Spawn Location: 5:00

Event: IEM XI Katowice - World Championship 2017

VOD

Have the link to the VOD?

Description

Time

  • Played on: March 3, 2017, 11:16 a.m.
  • Length: 17:05

All games in this series

Show
View Real Time Build Order
Export as new Build Order

Dark Zerg 

Build Orders: Pool First 

Get SALT Encoding   

  12  0:00  Drone  
  13  0:13  Overlord  
  13  0:21  Drone  
  14  0:32  Drone x2  
  16  0:37  Drone  
  17  0:46  Extractor  
  17  0:47  Drone  
  17  0:52  Spawning Pool  
  16  0:57  Drone  
  17  1:07  Drone  
  18  1:18  Drone  
  19  1:25  Hatchery  
  18  1:31  Drone  
  19  1:38  Queen  
  21  1:42  Zergling x2  
  22  1:48  Metabolic Boost  
  22  1:56  Overlord  
  22  2:14  Queen  
  24  2:18  Drone x2  
  26  2:33  Zergling x2  
  26  2:34  Zergling x2  
  28  2:38  Zergling x2  
  29  2:46  Queen  
  31  2:54  Overlord, Drone  
  31  2:55  Drone x2  
  35  2:58  Drone  
  35  3:02  Pneumatized Carapace  
  35  3:09  Overlord  
  35  3:12  Drone  
  35  3:15  Drone  
  35  3:18  Drone  
  35  3:19  Drone  
  38  3:28  Drone x3  
  38  3:30  Drone  
  38  3:32  Drone  
  38  3:33  Drone  
  44  3:35  Drone  
  45  3:57  Hatchery, Roach Warren  
  45  3:59  Lair  
  45  4:00  Drone  
  44  4:04  Drone  
  44  4:07  Drone  
  44  4:08  Drone x3  
  49  4:13  Overlord  
  49  4:14  Drone  
  50  4:18  Extractor x2  
  50  4:21  Spore Crawler, Drone  
  48  4:28  Spore Crawler  
  47  4:32  Overlord  
  47  4:33  Drone x3  
  47  4:36  Roach x2  
  56  4:38  Roach  
  56  4:42  Overlord  
  55  4:45  Overlord  
  53  4:55  Evolution Chamber, Drone x2  
  53  4:56  Drone  
  54  5:01  Drone x2  
  54  5:04  Overlord  
  54  5:05  Glial Reconstitution  
  56  5:07  Drone  
  56  5:09  Drone  
  56  5:10  Overseer  
  58  5:17  Queen  
  58  5:19  Drone  
  60  5:22  Drone x2  
  60  5:27  Ravager x2  
  60  5:28  Ravager  
  65  5:32  Drone x3  
  68  5:39  Drone x3  
  68  5:40  Drone x2  
  68  5:41  Evolution Chamber  
  72  5:43  Drone x2  
  72  5:45  Drone  
  72  5:49  Overlord  
  75  5:54  Zerg Melee Weapons Level 1  
  75  6:04  Queen  
  73  6:07  Drone x2  
  73  6:08  Drone x2  
  73  6:09  Drone x2  
  74  6:15  Drone x3  
  76  6:18  Drone  
  76  6:20  Drone x2  
  76  6:22  Drone x2  
  81  6:26  Overlord  
  81  6:30  Drone  
  75  6:35  Drone x2  
  75  6:38  Zerg Ground Armor Level 1  
  75  6:39  Drone  
  77  6:42  Drone  
  77  6:43  Spore Crawler, Drone  
  78  6:50  Drone x5  
  78  6:51  Drone  
  78  6:52  Drone  
  78  6:54  Extractor, Drone  
  84  6:56  Drone  
  86  7:02  Extractor  
  86  7:03  Extractor, Drone x2  
  88  7:08  Roach x2  
  88  7:09  Overlord  
  88  7:10  Overlord  
  90  7:26  Drone x2  
  90  7:27  Overlord  
  90  7:32  Hatchery  
  90  7:33  Roach x2  
  90  7:35  Drone x3  
  95  7:41  Drone x3  
  95  7:43  Hydralisk Den  
  97  7:45  Infestation Pit  
  93  7:53  Spore Crawler  
  93  7:55  Zerg Missile Weapons Level 1  
  92  8:00  Queen  
  92  8:02  Queen  
  92  8:04  Overlord x2  
  100  8:05  Roach x2  
  100  8:06  Roach x3  
  106  8:16  Hydralisk x3, Muscular Augments  
  106  8:17  Hydralisk  
  106  8:18  Hatchery  
  113  8:22  Overlord x2  
  113  8:28  Hydralisk  
  113  8:29  Hydralisk x2  
  113  8:32  Drone x2  
  113  8:33  Drone  
  122  8:37  Hive  
  122  8:41  Overseer  
  122  8:42  Hydralisk x2  
  122  8:44  Ravager  
  122  8:45  Ravager x3  
  122  8:46  Infestor  
  132  8:49  Drone  
  132  8:50  Drone  
  132  8:52  Spore Crawler  
  133  8:56  Hydralisk x2  
  137  9:03  Hydralisk x3  
  137  9:07  Hydralisk x2  
  145  9:10  Infestor x2  
  145  9:16  Extractor, Drone x4  
  152  9:17  Extractor, Drone  
  152  9:22  Spore Crawler  
  152  9:23  Drone  
  152  9:24  Spore Crawler  
  152  9:25  Drone  
  152  9:29  Overlord x2  
  152  9:33  Zerg Ground Armor Level 2  
  152  9:48  Roach  
  152  9:49  Roach x9  
  172  9:53  Overlord x2  
  172  9:55  Ravager x2  
  174  10:07  Hatchery  
  173  10:17  Extractor  
  173  10:21  Overlord, Viper x3  
  172  10:27  Spire, Drone x4  
  184  10:34  Hydralisk x3  
  190  10:40  Overlord x2, Drone  
  190  10:41  Drone x3  
  190  10:42  Drone x4  
  198  10:47  Burrow, Drone  
  197  11:08  Zerg Missile Weapons Level 2  
  197  11:09  Drone x3  
  200  11:11  Drone  
  195  11:22  Drone x6  
  195  11:24  Drone x2  
  200  11:30  Overseer  
  200  11:34  Spore Crawler, Drone  
  200  11:36  Spine Crawler x2  
  200  11:37  Extractor, Drone x3  
  200  11:38  Extractor  
  199  11:42  Greater Spire  
  198  12:18  Drone x2  
  200  12:26  Spire  
  200  12:27  Spire  
  196  12:33  Corruptor x2  
  198  12:40  Overlord x2  
  166  12:44  Overlord x2  
  166  12:45  Corruptor x4  
  168  12:57  Hydralisk x4  
  168  12:58  Hydralisk x5  
  184  13:10  Roach x5  
  184  13:12  Roach x2  
  196  13:13  Roach x3  
  200  13:23  Hydralisk  
  200  13:24  Hydralisk x2  
  200  13:26  Brood Lord x2  
  195  13:32  Brood Lord x4  
  192  13:39  Hydralisk  
  192  13:40  Hydralisk x2  
  188  13:41  Overlord x2  
  188  13:42  Overlord  
  188  13:48  Hydralisk x9  
  177  13:54  Hydralisk  
  161  14:12  Hydralisk x3  
  161  14:16  Hydralisk x2  
  161  14:17  Hydralisk  
  164  14:24  Hydralisk x2  
  164  14:25  Overseer  
  164  14:26  Hatchery  
  167  14:34  Hatchery  
  167  14:36  Greater Spire  
  166  14:38  Corruptor  
  166  14:42  Drone x2  
  166  14:43  Drone  
  166  14:44  Drone  
  166  14:45  Drone  
  173  14:46  Drone  
  174  15:02  Corruptor  
  174  15:03  Corruptor  
  178  15:20  Drone x5  
  178  15:21  Drone x2  
  185  15:22  Drone x2  
  185  15:27  Viper  
  190  15:30  Viper  
  193  15:54  Brood Lord x2, Extractor  
  196  15:57  Brood Lord  
  196  16:02  Spore Crawler  
  196  16:03  Drone x2  
  199  16:15  Drone  
  199  16:17  Spore Crawler  
  199  16:18  Spore Crawler  
  178  16:37  Hydralisk  
  178  16:38  Hydralisk x2  
Show
View Real Time Build Order
Export as new Build Order

GuMiho Terran - Winner!

Build Orders: Reaper Expand, Hellion Banshee 

Get SALT Encoding   

  12  0:00  SCV  
  13  0:13  SCV  
  14  0:17  Supply Depot  
  14  0:25  SCV  
  15  0:28  Refinery  
  15  0:39  SCV  
  16  0:45  Barracks  
  16  0:51  SCV  
  17  1:03  SCV  
  18  1:15  SCV  
  19  1:32  Orbital Command  
  19  1:33  Reaper  
  20  1:44  Command Center  
  20  1:54  Factory  
  20  1:59  SCV  
  21  2:04  Marine  
  22  2:09  Supply Depot  
  22  2:11  SCV  
  23  2:16  Refinery  
  23  2:22  Barracks Tech Lab  
  23  2:31  SCV  
  24  2:39  Hellion  
  24  2:43  SCV  
  27  2:45  Starport  
  27  2:55  SCV  
  27  3:00  Hellion, Orbital Command  
  29  3:07  SCV  
  30  3:19  SCV  
  31  3:20  Cloaking Field  
  31  3:22  Banshee  
  31  3:27  Hellion  
  36  3:30  SCV  
  36  3:31  Barracks Reactor  
  37  3:36  Supply Depot  
  37  3:39  SCV  
  38  3:42  SCV  
  38  3:48  Supply Depot  
  41  3:51  SCV  
  41  3:54  SCV  
  41  4:03  SCV  
  41  4:05  Viking  
  41  4:06  SCV  
  45  4:15  SCV  
  45  4:16  Command Center  
  46  4:19  Hellion  
  46  4:22  Hellion  
  50  4:24  SCV  
  50  4:28  SCV  
  52  4:33  Supply Depot  
  52  4:36  Banshee  
  55  4:42  Hellion  
  55  4:43  SCV, Hellion  
  59  4:51  SCV  
  60  4:55  SCV  
  60  4:57  Refinery x2  
  61  5:03  SCV  
  62  5:07  SCV  
  62  5:10  Armory  
  62  5:11  Supply Depot, Hyperflight Rotors  
  63  5:15  Hellion  
  63  5:17  Hellion  
  63  5:19  SCV  
  68  5:27  Banshee  
  68  5:28  Orbital Command  
  71  5:30  SCV  
  71  5:34  Supply Depot  
  72  5:41  Hellion x2  
  76  5:43  SCV x2  
  78  5:51  Orbital Command  
  78  5:55  SCV x2  
  80  6:03  Hellion x2  
  78  6:13  Banshee  
  78  6:15  SCV x2  
  78  6:16  Terran Vehicle Weapons Level 1  
  75  6:21  SCV  
  75  6:22  Refinery  
  75  6:23  Engineering Bay  
  76  6:28  Cyclone x2  
  82  6:37  SCV x3  
  82  6:38  Factory  
  82  6:39  Factory  
  85  6:40  Refinery  
  85  6:42  Supply Depot  
  85  6:44  Supply Depot  
  85  6:49  SCV x3  
  85  6:51  Missile Turret  
  85  6:54  Missile Turret  
  88  6:55  Missile Turret  
  88  6:58  Missile Turret, Banshee  
  88  6:59  Supply Depot  
  88  7:01  Supply Depot  
  91  7:03  Hellion x2  
  91  7:04  SCV  
  91  7:05  SCV  
  97  7:11  SCV  
  98  7:16  SCV  
  98  7:17  Supply Depot, SCV  
  98  7:20  Supply Depot  
  100  7:23  SCV  
  100  7:29  SCV  
  102  7:33  Hellion x2  
  102  7:34  SCV  
  102  7:35  SCV  
  106  7:37  Factory Tech Lab x2  
  106  7:41  SCV  
  106  7:44  Banshee  
  110  7:52  SCV x2  
  110  7:53  Factory, SCV  
  110  7:54  Factory  
  113  7:58  Thor x2  
  113  8:02  Supply Depot  
  113  8:04  SCV x2  
  127  8:11  Command Center  
  127  8:17  Terran Vehicle Weapons Level 2  
  127  8:20  Armory  
  127  8:27  Hellion x2  
  127  8:29  Banshee  
  134  8:38  Factory Tech Lab, Factory Reactor  
  134  8:41  Siege Tank  
  134  8:42  Siege Tank  
  143  8:53  Supply Depot  
  143  8:54  Supply Depot  
  143  8:55  Supply Depot  
  140  9:10  Siege Tank, Hellion x2  
  140  9:13  Siege Tank  
  150  9:18  Terran Vehicle And Ship Armor Level 1  
  150  9:19  Siege Tank  
  150  9:20  Hellion x2  
  150  9:21  Infernal Pre-Igniter  
  150  9:22  Starport Reactor  
  157  9:27  SCV x3  
  157  9:29  Planetary Fortress  
  157  9:30  Sensor Tower  
  160  9:32  Hellion x2  
  164  9:42  Siege Tank  
  167  9:46  Siege Tank  
  167  9:52  Refinery, Starport  
  168  9:55  Refinery  
  168  9:57  Command Center  
  168  10:15  Siege Tank  
  168  10:16  Viking, Siege Tank  
  168  10:18  Viking, Siege Tank  
  181  10:24  Supply Depot, Command Center  
  181  10:49  Missile Turret  
  181  10:52  Terran Vehicle Weapons Level 3  
  181  10:54  Missile Turret  
  181  10:55  Missile Turret  
  181  10:56  Siege Tank x3  
  190  11:03  Viking  
  190  11:04  Viking  
  194  11:05  Corvid Reactor  
  190  11:21  Terran Vehicle And Ship Armor Level 2  
  187  11:25  Hellion x2  
  187  11:26  Hellion x2  
  187  11:27  Raven  
  187  11:32  Starport  
  193  11:34  Missile Turret, Siege Tank  
  193  11:36  Missile Turret  
  193  11:37  Orbital Command x2  
  196  11:45  Sensor Tower  
  196  11:49  Siege Tank  
  196  12:08  Siege Tank x2  
  190  12:22  Siege Tank, Hellion x2  
  197  12:35  Hellion x2  
  197  12:40  Siege Tank x2  
  197  12:43  Hellion  
  197  12:44  Hellion  
  193  12:46  Viking x2  
  195  12:55  Command Center  
  200  12:59  Starport Tech Lab  
  196  13:14  Thor x3  
  168  13:38  Widow Mine x2, Drilling Claws  
  168  13:39  Widow Mine  
  168  13:50  Raven x2  
  168  13:55  Terran Vehicle And Ship Armor Level 3  
  167  13:57  Siege Tank  
  144  14:10  Hellion x3  
  144  14:13  Viking  
  144  14:14  Viking  
  140  14:29  Terran Ship Weapons Level 1  
  142  14:33  Viking x2  
  142  14:35  Thor x2  
  148  14:41  Hellion x5  
  158  14:53  Refinery  
  158  14:55  Planetary Fortress  
  158  14:56  Refinery  
  158  14:59  Viking x2  
  162  15:00  Command Center  
  162  15:03  Viking  
  166  15:08  Viking  
  166  15:12  Missile Turret  
  176  15:20  Siege Tank x2  
  177  15:21  Hellion x5  
  181  15:29  Missile Turret, Viking x2  
  181  15:33  Viking  
  181  15:34  Recalibrated Explosives  
  187  15:56  Siege Tank x3  
  194  15:57  Command Center  
  194  16:03  Viking x2  
  194  16:04  Viking  
  182  16:39  Hellion x2  
  186  16:41  Hellion x2  

Tags
 
Add a new tag
Caveats
  • Supply blocks, unpowered buildings, or Contaminate may cause inaccurate times.
  • Supply counts are checked every 10 seconds.